 Dungeon Crawl Stone Soup version 0.26-a0-639-g72c4674329 (webtiles) character file.

Game seed: 12124954447288063496

46 MrRokkomies the Sneak (level 3, -2/31 HPs)
             Began as a Demigod Delver on Sept 16, 2020.
             Killed from afar by Sigmund (4 damage)
             ... with a puff of flame
             ... on level 2 of the Dungeon.
             The game lasted 00:04:18 (1632 turns).

MrRokkomies the Sneak (Demigod Delver)              Turns: 1632, Time: 00:04:18

Health: -2/31      AC:  4    Str: 17    XL:     3   Next: 27%
Magic:  5/5        EV: 12    Int: 14    God:
Gold:   96         SH:  0    Dex: 17    Spells: 2/2 levels left

rFire    . . .     SeeInvis .   a - +0 falchion
rCold    . . .     Faith    .   (no shield)
rNeg     + . .     Spirit   .   b - +0 leather armour
rPois    .         Reflect  .   (no helmet)
rElec    .         Harm     .   (no cloak)
rCorr    .         Rampage  .   p - +0 pair of gloves (curse)
MR       .....                  (no boots)
Stlth    +++.......             (no amulet)
HPRegen  0.10/turn              h - ring of positive energy
MPRegen  0.09/turn              (no ring)

@: no status effects
A: high mp 1
a: no special abilities


You were on level 2 of the Dungeon.
You visited 1 branch of the dungeon, and saw 5 of its levels.

You collected 96 gold pieces.

Inventory:

Hand Weapons
 a - a +0 falchion (weapon)
Missiles
 r - 9 poisoned darts (quivered)
Armour
 b - a +0 leather armour (worn)
 p - a cursed +0 pair of gloves (worn)
Jewellery
 h - a ring of positive energy (left hand)
Wands
 g - a wand of digging (3)
Scrolls
 c - a scroll of fog
 d - a scroll of magic mapping
 j - a scroll of enchant weapon {unknown}
 k - 5 scrolls of identify {unknown}
 m - a scroll of teleportation {unknown}
 n - a scroll of immolation {unknown}
 o - a scroll of remove curse {unknown}
Potions
 f - a potion of haste
 l - 3 potions of stabbing {unknown}
 q - a potion of mutation {unknown}


   Skills:
 * Level 3.2 Fighting
 * Level 2.6 Long Blades
 + Level 2.2 Dodging
 - Level 4.5 Stealth


You had 2 spell levels left.
You didn't know any spells.
Your spell library was empty.

Dungeon Overview and Level Annotations

Branches:
Dungeon (5/15)
 Temple: D:4-7

Annotations:
D:2 1 runed translucent door, Crazy Yiuf, Sigmund


Innate Abilities, Weirdness & Mutations

You have an increased reservoir of magic. (+10% MP)


Message History

You bump into the rock wall.
You bump into the rock wall.
Sigmund is nearby!
You bump into the rock wall.
You bump into the rock wall.
Sigmund misses you.
You bump into the rock wall.
You feel less confused. Sigmund gestures at you while chanting.
You are confused.
You bump into the rock wall.
Sigmund barely misses you.
You bump into the rock wall.
Sigmund casts a spell at you. The puff of flame hits you!
* * * LOW HITPOINT WARNING * * *
Sigmund closely misses you.
You bump into the rock wall.
You feel less confused. Sigmund gestures at you while chanting.
The puff of flame hits you.
You die...

# #.# #.# ...
#.#########.#
....
#.#.......#.##
###.## #.# #....#
# ... ####..#...#
... #..).###..#
#.##..#...##
#)#.........
#...@####....
#.#.#####.###
#.@.......#
.....##.#.#######
.....8#...#
.....######
8...8## ##_## ##


You could see Sigmund.

Vanquished Creatures
  A worm (D:4)
  3 dart slugs
  2 leopard geckos
  An orc (D:3)
  4 giant cockroaches
  6 goblins
  3 hobgoblins
  4 kobolds
  A ball python (D:1)
  2 bats
  4 frilled lizards
  2 rats
33 creatures vanquished.

Notes
Turn   | Place    | Note
-------+----------+-------------------------------------------
     0 | D:5      | MrRokkomies the Demigod Delver began the quest for the Orb.
     0 | D:5      | Reached XP level 1. HP: 18/18 MP: 3/3
    41 | D:4      | Found a basalt altar of Yredelemnul.
   186 | D:4      | Noticed an orc priest
   304 | D:2      | Reached XP level 2. HP: 14/25 MP: 4/4
   533 | D:2      | Found a runed translucent door.
   534 | D:2      | Noticed Crazy Yiuf
  1381 | D:2      | Reached XP level 3. HP: 31/31 MP: 5/5
  1477 | D:2      | Found an ancient bone altar of Kikubaaqudgha.
  1560 | D:2      | Noticed Sigmund
  1618 | D:2      | Found a shattered altar of Ashenzari.
  1632 | D:2      | Killed from afar by Sigmund

Illustrated notes

Levels and vault maps discovered:
D:1:      noname_arrival_rooms_in_the_neighbourhood, layout_rooms
D:2:      layout_loops_ring, kiku_gazebo_pond_becter,
          nicolae_overflow_hidden_temple, minmay_misc_feat_nine_boxes,
          uniq_terence, uniq_crazy_yiuf_cottage, uniq_sigmund
D:3:      layout_rooms, old_standard_altar, uniq_jessica, uniq_ijyb
D:4:      layout_basic, nicolae_overflow_crystal_walls, ebering_ghost_sewer_d,
          grunt_ministairs_14, minmay_manual_maat
D:5:      layout_gridville, nicolae_gozag_zags_fifth_avenue,
          nicolae_ru_awakened_eye, minmay_temple_entry_trees

Skill      XL: |  1  2 |
---------------+-------+-----
Long Blades    | 2 |  2.6
Dodging        | 2 |  2.2
Fighting       | 3 |  3.2
Stealth        | |  4.5

Action                   || total
-------------------------++-------
Melee: Falchion          ||    96
Throw: Dart              ||     6
  Use: Potion            ||     2
       Scroll            ||     1
 Stab: Sleeping          ||     9
Armor: Leather armour    ||    23
Dodge: Dodged            ||    68
       Rpst.: Falchion   ||    22

Table legend: (Time is in decaauts)
 A = Elapsed time spent in this place.
 B = Non-inter-level travel time spent in this place.
 C = Inter-level travel time spent in this place.
 D = Time resting spent in this place.
 E = Time spent auto-exploring this place.
 F = Levels seen in this place.
 G = Mean time per level.
                   A        B        C        D        E       F      G
               +--------+--------+--------+--------+--------+-----+--------+
         Total |   1648 |   1597 |     51 |      0 |   1262 |   5 |  329.6 |
       Dungeon |   1648 |   1597 |     51 |      0 |   1262 |   5 |  329.6 |
               +--------+--------+--------+--------+--------+-----+--------+

Top non-repeatable levels by time:
     D:1: 759 daAuts
     D:2: 592 daAuts
     D:4: 152 daAuts
     D:3: 104 daAuts
     D:5: 39 daAuts
